 Dungeon Crawl Stone Soup version 0.18.1-48-g4cf74bf (webtiles) character file.

600848 Jerry the Devastator (level 26, -32/244 HPs)
             Began as a Demonspawn Fire Elementalist on Aug 15, 2016.
             Was the Champion of Vehumet.
             Killed themself with a badly aimed damnation (96 damage)
             ... on level 1 of the Tomb of the Ancients on Aug 19, 2016.
             The game lasted 15:52:21 (82104 turns).

Jerry the Devastator (DsFE)                        Turns: 82104, Time: 15:52:23

Health: -32/244    AC: 33    Str: 11    XL:     26   Next: 95%
Magic:  2/42       EV: 24    Int: 25    God:    Vehumet [******]
Gold:   7598       SH: 14    Dex: 25    Spells: 12 memorised, 3 levels left

rFire  + + .     SeeInvis +     N - staff of energy
rCold  . . .     Gourm    .     (armour currently unavailable)
rNeg   + + +     Faith    .     g - +0 shield of Bojanus {MR++ rCorr}
rPois  ∞         Spirit   .     (helmet unavailable)
rElec  +         Dismiss  .     n - +2 cloak {+Inv}
rCorr  +         Reflect  .     (gloves currently unavailable)
SustAt .         Harm     .     (boots currently unavailable)
MR     +++..                    f - amulet of magic regeneration
Stlth  ++++......               o - ring of Itzazeuth {rF+ rN+ Dex+4}
                                C - ring of Purrom {rPois rN+}

@: statue-form, very slightly contaminated, repel missiles, very slow, extremely
resistant to hostile enchantments, stealthy
A: antennae 3, beak, thin skeletal structure 3, fire resistance 1, hurl
damnation, foul stench 2, sense surroundings 1, spiny 3, rot immunity, flame
cloud immunity
a: Damnation, End Transformation, Renounce Religion, Evoke Invisibility
}: 2/15 runes: barnacled, gossamer


You were on level 1 of the Tomb of the Ancients.
You worshipped Vehumet.
Vehumet was exalted by your worship.
You were hungry.
You were a stone statue.
You visited 11 branches of the dungeon, and saw 50 of its levels.
You also visited: Labyrinth, Bailey, Ice Cave and Wizlab.

You collected 7868 gold pieces.
You spent 270 gold pieces at shops.

Inventory:

Hand Weapons
 c - the +9 Staff of Wucad Mu {channel}
   (You found it in a wizard's laboratory)
Armour
 g - the +0 shield of Bojanus (worn) {MR++ rCorr}
   (You acquired it on level 5 of the Lair of Beasts)

   It affects your resistance to hostile enchantments.
   It protects you from acid and corrosion.
 i - the +1 robe of Pragmatism (melded) {rElec rC+ rN+}
   (You found it on level 14 of the Dungeon)

   It protects you from cold.
   It insulates you from electricity.
   It protects you from negative energy.
 n - a +2 cloak of invisibility (worn)
 F - the +5 pair of gloves "Ywupsif" (melded) {*Corrode rF- Int+5}
   (You found it on level 8 of the Dungeon)

   It affects your intelligence (+5).
   It makes you vulnerable to fire.
   It may corrode you when you take damage.
 G - a +2 swamp dragon armour
 H - the +2 pair of boots of Resourcefulness (melded) {Dex+3 SInv}
   (You bought it in a shop on level 10 of the Dungeon)

   It affects your dexterity (+3).
   It lets you see invisible.
Magical Staves
 N - an uncursed staff of energy (weapon)
Jewellery
 f - an amulet of magic regeneration (around neck)
 o - the ring of Itzazeuth (right hand) {rF+ rN+ Dex+4}
   (You took it off an ancient champion on level 3 of the Crypt)

   [ring of positive energy]

   It affects your dexterity (+4).
   It protects you from fire.
   It protects you from negative energy.
 A - the ring of Miudos {rF- rN+ MP+9 Dex+2}
   (You took it off an ancient champion on level 3 of the Crypt)

   [ring of positive energy]

   It affects your dexterity (+2).
   It makes you vulnerable to fire.
   It protects you from negative energy.
   It affects your magic capacity (+9).
 C - the ring of Purrom (left hand) {rPois rN+}
   (You took it off a guardian mummy on level 3 of the Crypt)

   [ring of positive energy]

   It protects you from poison.
   It protects you from negative energy.
 D - the ring of Pyromania {rC+ Int+5 Slay+2}
   (You found it in an ice cave)

   [ring of protection from cold]

   It affects your intelligence (+5).
   It affects your accuracy and damage with ranged weapons and melee attacks
   (+2).
   It protects you from cold.
 Y - the ring of Robustness {AC+8}
   (You found it on level 1 of the Lair of Beasts)

   [ring of protection]

   It affects your AC (+8).
Wands
 e - a wand of digging (13/24)
 k - a wand of teleportation (6/9)
 p - a wand of disintegration (9/24)
Scrolls
 d - 21 scrolls of remove curse
 m - 3 scrolls of blinking
 r - 14 scrolls of identify
 s - 2 scrolls of vulnerability
 v - 4 scrolls of fear
 x - a scroll of magic mapping
 y - 4 scrolls of teleportation
 z - a scroll of amnesia
 L - 2 scrolls of silence
 O - 7 scrolls of fog
 R - 4 scrolls of immolation
 X - 7 scrolls of recharging
Potions
 a - 3 potions of cure mutation
 b - 4 potions of ambrosia
 h - 12 potions of curing
 j - 5 potions of heal wounds
 q - 6 potions of brilliance
 u - 4 potions of cancellation
 w - 5 potions of resistance
 E - a potion of flight
 J - 5 potions of haste
 S - 5 potions of agility
 U - 2 potions of invisibility
Books
 K - the Volume of Unholy Magic
   (You found it on level 3 of the Crypt)

   Spells                             Type                      Level
   a - Animate Skeleton               Necromancy                   1
   b - Pain                           Necromancy                   1
   c - Animate Dead                   Necromancy                   4
   d - Excruciating Wounds            Charms/Necromancy            5
   e - Agony                          Necromancy                   5
   f - Death's Door                   Charms/Necromancy            8
Miscellaneous
 B - a legendary deck of defence {the Cloud}
 I - 3 phantom mirrors
 Q - a legendary deck of defence {the Shadow}
 W - a crystal ball of energy
Comestibles
 l - a slice of pizza
 t - 8 meat rations


   Skills:
 - Level 11.0 Fighting
 - Level 10.9 Armour
 - Level 11.1 Dodging
 - Level 1.7 Stealth
 - Level 15.0 Shields
 - Level 15.4 Spellcasting
 - Level 19.0 Conjurations
 - Level 10.0 Charms
 + Level 14.3 Necromancy
 + Level 12.7 Transmutations
 - Level 16.1 Fire Magic
 - Level 15.2 Earth Magic


You had 3 spell levels left.
You knew the following spells:

 Your Spells              Type           Power        Failure   Level  Hunger
a - Bolt of Fire          Conj/Fire      #######...   1%          6    None
b - Repel Missiles        Chrm/Air       #####.       1%          2    None
c - Conjure Flame         Conj/Fire      #######.     0%          3    None
d - Lehudib's Crystal Sp  Conj/Erth      #######...   5%          8    None
e - Statue Form           Trmt/Erth      ######...    1%          6    None
f - Fireball              Conj/Fire      #######...   1%          5    None
g - Blink                 Tloc           N/A          6%          2    None
h - Regeneration          Chrm/Necr      ######....   1%          3    None
i - Animate Skeleton      Necr           N/A          0%          1    None
j - Delayed Fireball      Conj/Fire      N/A          1%          7    None
k - Necromutation         Trmt/Necr      ######....   82%         8    None
l - Haste                 Chrm           ######..     10%         6    None


Dungeon Overview and Level Annotations

Branches:
Dungeon (15/15)            Temple (1/1) D:6            Lair (8/8) D:11
 Shoals (4/4) Lair:6       Spider (4/4) Lair:5        Slime (0/6) Lair:8
    Orc (2/2) D:12            Elf (3/3) Orc:2        Vaults (4/5) D:13
  Crypt (3/3) Vaults:2       Tomb (2/3) Crypt:3      Depths (4/5) D:15

Altars:
Ashenzari
Cheibriados
Dithmenos
Elyvilon
Fedhas
Gozag
Kikubaaqudgha
Makhleb
Nemelex Xobeh
Okawaru
Pakellas
Qazlal
Ru
Sif Muna
Trog
Vehumet
Xom
Yredelemnul
Zin
The Shining One

Shops:
D:9 ?   D:10 [   Orc:2 *([:   Elf:3 =   Shoals:3 [   Vaults:4 *

Portals:
Hell: Lair:8 Depths:1 Depths:2 Depths:3
Abyss: Depths:2
Pandemonium: Depths:3
Ziggurat: Depths:4

Annotations:
Shoals:3 Mara


Innate Abilities, Weirdness & Mutations

You have a pair of large antennae on your head (SInv).
You have an unnaturally thin skeletal structure (Dex +6, Stealth++).
Your flesh is heat resistant.
You can hurl damnation.
You frequently emit foul miasma when damaged in melee.
You are completely covered in sharp spines.
You are immune to rotting.
You are immune to clouds of flame.
You have a beak for a mouth.
You passively map a small area around you.


Message History

The greater mummy appears unharmed.
The greater mummy is severely damaged.
The fireball engulfs the red devil.
The red devil completely resists.
The fireball engulfs you! You resist.
* * * LOW HITPOINT WARNING * * *
The fireball engulfs the flayed ghost.
The flayed ghost is moderately damaged.
The fireball engulfs the greater mummy.
The greater mummy is moderately damaged.
Aiming: Hurl Damnation
Press: ? - help, Shift-Dir - straight line, f/p - greater mummy
Aim: a greater mummy (severely damaged) That beam is likely to hit you.
Continue anyway?
The damnation unfurls!
The damnation engulfs the greater mummy.
The greater mummy is almost destroyed.
The damnation engulfs the red devil.
You kill the red devil!
The damnation engulfs you!
You die...

#.........##################.
#.........############## #.
#.........##..'..#..#..# #.
#.........##..'........# #.
#.........##..##......## #.
#......=..##..#...##...# #.
#.........##..#...##...# #.
#.......M.##..##......## #.
#.........##8§#.......)# #.
#.........##M§#..#..#)># #.
#........}##WM########## #.
#.........##WW# #.
#.........##Z.# ##
#.........##zZ##############.
#.........##..#..............
#.........##..#..............
#.........# #..............


You could see 2 greater mummies, a flayed ghost, a hungry ghost, a shadow, a
wight, a storm dragon simulacrum and a wolf spider zombie.

Vanquished Creatures
  2 ancient liches
  7 greater mummies (Tomb:1)
  Norris (Vaults:3)
  A bone dragon (Crypt:3)
  A profane servitor (Crypt:3)
  Xtahua (Crypt:1)
  Jorgrun (Depths:3)
  A titan (Vaults:4)
  2 deep elf blademasters
  Rupert (Lair:4)
  2 tentacled monstrosities
  8 liches
  4 deep elf master archers (Elf:3)
  11 ancient champions
  Asterion (Vaults:1)
  10 sphinxes
  Agnes (Elf:2)
  Kirke (D:14)
  A revenant (Tomb:1)
  Ilsuiw (Shoals:4)
  Wiglaf (Depths:3)
  Maud (Depths:3)
  6 frost giants
  An azure jelly (Lair:8)
  Aizul (Elf:2)
  4 fire giants
  9 deep elf sorcerers (Elf:3)
  4 ghost moths
  A caustic shrike zombie (Crypt:1)
  11 vault wardens
  2 orc warlords
  2 curse skulls
  2 reapers (Crypt:3)
  3 deep elf elementalists
  8 emperor scorpions (Spider:4)
  7 ghouls
  10 stone giants
  11 ironheart preservers
  A caustic shrike skeleton (Crypt:2)
  6 very ugly things
  2 salamander stormcallers
  2 vampire knights
  13 deep elf demonologists (Elf:3)
  2 bennus (Tomb:1)
  Azrael (D:12)
  10 deep elf annihilators (Elf:3)
  A spark wasp (Spider:4)
  4 merfolk javelineers
  4 eidola
  A crystal guardian (Vaults:4)
  8 deep elf death magi
  A quicksilver dragon zombie (Crypt:3)
  11 mummy priests
  17 yaktaur captains
  17 jiangshi
  A minotaur (Lab)
  7 ettins
  7 fire dragons
  A fire dragon (shapeshifter) (Depths:3)
  10 merfolk impalers
  18 vault guards
  6 great orbs of eyes
  6 deep elf high priests
  3 spriggan air magi
  3 rakshasas
  3 entropy weavers
  7 ice dragons
  7 hydras
  2 hell beasts
  16 ogre magi
  6 death knights
  6 merfolk aquamancers
  11 centaur warriors
  2 alligator snapping turtles
  2 tengu warriors
  Erica (D:10)
  4 merfolk avatars
  8 deep troll shamans
  A satyr (Shoals:2)
  34 dancing weapons
  A death yak (Lair:8)
  5 deep troll earth magi
  Urug (Lair:4)
  2 orc high priests
  2 vampire magi
  6 soul eaters
  5 hell knights
  A storm dragon zombie (Crypt:3)
  A titan skeleton (Tomb:1)
  16 deep elf knights
  A sun demon (Depths:1)
  2 iron trolls
  A salamander mystic (Vaults:3)
  16 skeletal warriors
  A storm dragon skeleton (Crypt:2)
  2 fire crabs
  10 shadow wraiths
  12 sea snakes
  4 death drakes (Depths:3)
  5 unseen horrors
  21 death scarabs
  An anaconda zombie (Crypt:3)
  26 deep trolls
  4 giant orange brains
  3 orange crystal statues
  12 flayed ghosts
  A spectral anaconda (Depths:2)
  6 anubis guards
  18 ironbrand convokers
  A lindwurm (Lair:8)
  6 necromancers
  2 spectral hydras (Depths:3)
  9 phantasmal warriors
  14 harpies
  A wizard (Lair:8)
  Pikel (D:4)
  8 deep elf archers
  18 orc knights
  A harpy (shapeshifter) (Depths:2)
  A mana viper (shapeshifter) (Depths:3)
  2 wolf spider zombies
  17 hill giants
  2 mana vipers (Depths:3)
  3 fire giant zombies
  22 orb spiders
  An orb spider (shapeshifter) (Vaults:3)
  4 orc sorcerers
  6 salamanders
  13 fauns
  47 ugly things
  4 cyclopes
  A manticore (shapeshifter) (Depths:2)
  15 elephants
  37 wolf spiders
  5 hornets
  A frost giant zombie (Crypt:3)
  40 deep elf magi
  16 griffons
  13 manticores
  A shadow dragon skeleton (Crypt:2)
  An octopode (shapeshifter) (D:14)
  An iron dragon skeleton (Tomb:1)
  2 moths of wrath
  17 vault sentinels
  2 ice statues (IceCv)
  8 sirens
  A stone giant skeleton (Crypt:2)
  9 black mambas
  A storm dragon simulacrum (Crypt:3)
  10 spiny frogs
  10 water nymphs
  A spiny frog (shapeshifter) (Vaults:1)
  A gargoyle (D:14)
  3 torpor snails
  4 rime drakes
  6 orange demons (Lair:8)
  60 yaktaurs
  A rime drake (shapeshifter) (Depths:2)
  12 freezing wraiths
  A komodo dragon (shapeshifter) (Vaults:4)
  3 kobold demonologists
  An anaconda simulacrum (Depths:3)
  19 demonic crawlers
  8 komodo dragons
  2 ice devils
  A death yak skeleton (Crypt:3)
  A grey draconian skeleton (Crypt:1)
  2 tengu conjurers
  2 spectral merfolk (Depths:3)
  3 red devils (Lair:8)
  A hellwing (Lair:8)
  21 trolls
  23 merfolk
  A green draconian skeleton (Crypt:1)
  2 wind drakes
  2 polar bears (shapeshifter)
  22 two-headed ogres
  19 guardian mummies
  A wolf spider simulacrum (D:13)
  Prince Ribbit (D:6)
  52 jumping spiders
  A queen bee (D:10)
  3 ice dragon zombies
  5 snapping turtles
  16 ushabtiu
  31 slime creatures
  A raiju (shapeshifter) (Vaults:3)
  A guardian serpent zombie (Crypt:2)
  2 bog bodies (Crypt:3)
  8 blink frogs
  A stone giant simulacrum (Vaults:1)
  A raiju (Depths:3)
  9 boulder beetles
  71 redbacks
  2 spriggan skeletons (D:15)
  46 flying skulls
  A centaur simulacrum (D:15)
  4 air elementals
  A spriggan (shapeshifter) (Depths:1)
  25 tarantellas
  4 vampires
  55 yaks
  A hog (shapeshifter) (Vaults:2)
  20 water elementals
  13 wraiths
  An alligator skeleton (Tomb:1)
  A tarantella (shapeshifter) (D:14)
  7 hogs (D:14)
  A human (shapeshifter) (Elf:1)
  8 shadows
  A basilisk (shapeshifter) (Depths:2)
  4 fire elementals
  3 wyverns
  2 fire bats
  2 hungry ghosts
  2 basilisks
  10 hippogriffs
  A hill giant zombie (D:12)
  A human simulacrum (Vaults:1)
  A merfolk zombie (Crypt:3)
  A wind drake skeleton (Crypt:2)
  11 vampire mosquitoes
  Menkaure (D:7)
  2 mottled dragons
  12 wargs
  A torturous demonspawn zombie (Crypt:3)
  3 spectral trolls (Depths:3)
  9 hell hounds
  12 water moccasins
  10 porcupines
  A giant eyeball (Depths:3)
  47 orc warriors
  An anubis guard zombie (Crypt:1)
  A spectral spriggan (Depths:3)
  18 ice beasts
  58 ogres
  4 sky beasts
  3 black bears
  3 phantoms
  3 wasps
  4 necrophages
  2 slaves
  18 wolves
  35 centaurs
  A snapping turtle skeleton (Tomb:2)
  A big kobold (D:13)
  15 crocodiles
  A dryad zombie (Crypt:1)
  The ghost of Tagedieb the Sneak, an amateur VSEn (D:6)
  8 gnoll sergeants
  25 giant frogs
  2 merfolk simulacra (Depths:3)
  An earth elemental (Elf:3)
  A wyvern skeleton (D:7)
  A human skeleton (Vaults:2)
  6 scorpions
  A boulder beetle zombie (Vaults:2)
  A troll zombie (D:12)
  A shapeshifter zombie (Crypt:3)
  25 killer bees
  2 spectral nagas (Depths:3)
  6 spectral ogres (Depths:3)
  17 wights
  9 electric eels
  6 howler monkeys
  A troll skeleton (Crypt:3)
  6 crimson imps
  5 centaur zombies
  A wolf skeleton (Crypt:2)
  4 giant frog zombies
  8 hounds
  3 quasits
  21 orc wizards
  A giant frog skeleton (D:4)
  17 orc priests
  4 jellies
  A centaur skeleton (Crypt:3)
  7 hell rats (Lair:6)
  6 iguanas
  7 gnoll shamans
  A demonspawn skeleton (Crypt:3)
  A spriggan simulacrum (Depths:3)
  10 worker ants
  A porcupine skeleton (Crypt:2)
  15 sheep
  6 ogre zombies (D:12)
  A hound skeleton (D:5)
  51 mummies
  A howler monkey skeleton (D:8)
  2 worker ant zombies
  24 gnolls
  6 adders
  56 river rats
  5 shadow imps
  2 oozes (D:2)
  An adder zombie (D:9)
  An adder skeleton (D:7)
  3 worms (D:2)
  5 dart slugs (D:1)
  4 giant geckos
  88 orcs
  4 ball pythons
  3 giant cockroaches
  10 goblins
  5 hobgoblins
  9 jackals
  11 kobolds
  7 quokkas
  A ball python skeleton (Crypt:2)
  16 bats
  A dart slug zombie (Crypt:1)
  A giant gecko skeleton (Crypt:3)
  4 giant newts
  A goblin skeleton (D:12)
  3 goblin zombies (D:12)
  A hobgoblin skeleton (D:12)
  4 hobgoblin zombies (D:12)
  A jackal skeleton (D:4)
  A kobold skeleton (Crypt:2)
  An orc skeleton (Crypt:2)
  10 orc zombies (D:12)
  A quokka skeleton (D:9)
  A quokka zombie (D:7)
  23 rats
  A bush (Lair:5)
  8 fungi
  5 lost souls
  23 plants
  A withered plant (D:15)
2542 creatures vanquished.

Vanquished Creatures (collateral kills)
  An ironheart preserver (Vaults:2)
  A very ugly thing (Depths:1)
  A stone giant (Depths:3)
  A merfolk javelineer (Depths:1)
  A fire dragon (Vaults:4)
  2 merfolk impalers (Shoals:4)
  A vault guard (Vaults:4)
  A centaur warrior (Vaults:3)
  A deep troll shaman (Depths:1)
  2 death scarabs (Tomb:1)
  2 sea snakes
  2 deep trolls
  A hill giant (D:13)
  A harpy (Shoals:4)
  An orc knight (Orc:2)
  An ugly thing (Depths:1)
  A griffon (Shoals:4)
  2 hornets
  2 sirens
  A spiny frog (Lair:8)
  A yaktaur (Depths:1)
  2 trolls
  An ice dragon zombie (Crypt:1)
  A wraith (Vaults:1)
  A water elemental (Depths:1)
  A yak (Lair:7)
  A hungry ghost (D:12)
  2 water moccasins
  A porcupine (Lair:4)
  A sky beast (D:13)
  An eye of draining (D:12)
  An orc warrior (Orc:2)
  2 ogres
  3 centaurs
  A big kobold (D:12)
  A giant frog (Lair:7)
  A gnoll sergeant (Bailey)
  A killer bee (D:10)
  A giant frog zombie (D:12)
  An iguana (D:13)
  An orc wizard (Orc:2)
  A gnoll (Bailey)
  5 river rats (Lair:8)
  3 orcs
  A goblin zombie (D:12)
  A kobold (D:12)
  An orc skeleton (D:12)
  4 orc zombies (D:12)
  A rat (Lair:6)
  2 fungi (Lair:7)
  3 plants
74 creatures vanquished.

Vanquished Creatures (others)
  An ironheart preserver (Vaults:1)
  A deep elf high priest (Elf:3)
  An ettin (Vaults:2)
  A centaur warrior (Vaults:2)
  18 death scarabs (Tomb:2)
  An ettin skeleton (Tomb:2)
  5 flying skulls (Tomb:2)
  A centaur (Vaults:2)
  An orc wizard (Vaults:2)
  A giant gecko (D:4)
  20 fungi
  A lost soul (Crypt:3)
  26 plants
78 creatures vanquished.

Grand Total: 2694 creatures vanquished

Notes
Turn   | Place    | Note
--------------------------------------------------------------
     0 | D:1      | Jerry the Demonspawn Fire Elementalist began the quest for the Orb.
     0 | D:1      | Reached XP level 1. HP: 13/13 MP: 3/3
   290 | D:1      | Reached skill level 1 in Fighting
   315 | D:1      | Gained mutation: You have a somewhat thin skeletal structure (Dex +2, Stealth). [demonic ancestry]
   315 | D:1      | Reached XP level 2. HP: 15/21 MP: 0/5
   758 | D:1      | Learned a level 2 spell: Throw Flame
  1030 | D:1      | Reached XP level 3. HP: 23/26 MP: 2/6
  2459 | D:2      | Reached skill level 2 in Conjurations
  2459 | D:2      | Reached XP level 4. HP: 28/33 MP: 2/7
  2464 | D:2      | Learned a level 3 spell: Conjure Flame
  4329 | D:3      | Found a glowing silver altar of Zin.
  4545 | D:4      | Reached XP level 5. HP: 34/38 MP: 2/9
  4592 | D:4      | Learned a level 4 spell: Sticky Flame
  4600 | D:4      | Noticed a slave
  4601 | D:4      | Noticed Pikel
  4601 | D:4      | Noticed a slave
  4602 | D:4      | Noticed a slave
  4603 | D:4      | Noticed a slave
  4615 | D:3      | Killed a slave
  4767 | D:3      | Reached skill level 3 in Conjurations
  4992 | D:4      | Noticed a phantom
  5162 | D:5      | Entered Level 5 of the Dungeon
  5271 | D:5      | Noticed a centaur
  5287 | D:5      | Killed a centaur
  5287 | D:5      | Reached XP level 6. HP: 25/44 MP: 7/11
  5725 | D:5      | Found a basalt altar of Yredelemnul.
  6324 | D:6      | Reached skill level 4 in Conjurations
  6473 | D:6      | Noticed Tagedieb's ghost (amateur VSEn)
  6566 | D:6      | Gained mutation: You have a pair of small antennae on your head. [demonic ancestry]
  6566 | D:6      | Reached XP level 7. HP: 37/50 MP: 6/13
  6690 | D:6      | Noticed Prince Ribbit
  6805 | D:6      | Found a staircase to the Ecumenical Temple.
  6812 | Temple   | Entered the Ecumenical Temple
  6986 | Temple   | Became a worshipper of Vehumet
  7061 | D:6      | Killed Prince Ribbit
  7061 | D:6      | Reached skill level 5 in Fire Magic
  7234 | Temple   | Gained mutation: Your body sometimes deteriorates upon taking damage. [potion of mutation]
  7234 | Temple   | Gained mutation: Your muscles are strong. (Str +2) [potion of mutation]
  7234 | Temple   | Gained mutation: Potions and wands are less effective at restoring your health. [potion of mutation]
  7239 | Temple   | Reached skill level 9 in Conjurations
  7239 | Temple   | Gained mutation: You have a pair of antennae on your head. [demonic ancestry]
  7239 | Temple   | Reached XP level 8. HP: 26/56 MP: 14/21
  7246 | Temple   | Learned a level 4 spell: Iskenderun's Mystic Blast
  7578 | D:6      | Killed Tagedieb's ghost
  7578 | D:6      | Reached skill level 10 in Conjurations
  7803 | D:6      | Found a bloodstained altar of Trog.
  8188 | D:6      | Reached XP level 9. HP: 48/62 MP: 17/22
  8509 | D:4      | Killed Pikel
  8769 | D:4      | Learned a level 5 spell: Fireball
  8772 | D:4      | Learned a level 2 spell: Blink
  8776 | D:4      | Learned a level 3 spell: Regeneration
  8778 | D:4      | Learned a level 1 spell: Animate Skeleton
  9549 | D:7      | Reached * piety under Vehumet
  9549 | D:7      | Offered knowledge of Sandblast by Vehumet.
  9679 | D:7      | Noticed Menkaure
  9681 | D:7      | Killed Menkaure
 10087 | D:7      | Found an iron altar of Okawaru.
 10238 | D:7      | Reached skill level 10 in Spellcasting
 10238 | D:7      | Reached XP level 10. HP: 59/73 MP: 15/24
 10407 | D:7      | Found a sacrificial altar of Ru.
 10869 | D:8      | Offered knowledge of Freeze by Vehumet.
 10869 | D:8      | Reached skill level 5 in Fighting
 10869 | D:8      | Reached ** piety under Vehumet
 11296 | D:8      | Reached skill level 1 in Charms
 11474 | D:8      | Found an ancient bone altar of Kikubaaqudgha.
 11509 | D:8      | Got a pair of brightly glowing gloves
 11515 | D:8      | Identified the +5 pair of gloves "Ywupsif" {*Corrode rF- Int+5} (You found it on level 8 of the Dungeon)
 11556 | D:8      | Found a shattered altar of Ashenzari.
 11668 | D:8      | Found a deep blue altar of Sif Muna.
 12053 | D:8      | Gained mutation: Your system is resistant to poisons. [potion of mutation]
 12053 | D:8      | Gained mutation: You can translocate small distances at will. [potion of mutation]
 12053 | D:8      | Gained mutation: Your flesh is cold resistant. [potion of mutation]
 12207 | D:9      | Found an iron altar of Okawaru.
 12227 | D:9      | Found Feorioff's Magic Scroll Boutique.
 12234 | D:9      | Bought a scroll of amnesia for 52 gold pieces
 12396 | D:9      | Learned a level 6 spell: Bolt of Fire
 12464 | D:9      | Found a shadowy altar of Dithmenos.
 12483 | D:9      | Offered knowledge of Static Discharge by Vehumet.
 12787 | D:9      | Found a burning altar of Makhleb.
 12840 | D:9      | Found a sparkling altar of Nemelex Xobeh.
 13054 | D:10     | Entered Level 10 of the Dungeon
 13206 | D:10     | Found Velefeh's Antique Armour Shoppe.
 13213 | D:10     | Noticed Erica
 13277 | D:10     | Killed Erica
 13311 | D:9      | Reached *** piety under Vehumet
 13754 | D:10     | Bought a pair of faintly humming boots for 218 gold pieces
 13759 | D:10     | Identified the +2 pair of boots of Resourcefulness {Dex+3 SInv} (You bought it in a shop on level 10 of the Dungeon)
 13846 | D:10     | Gained mutation: You are immune to rotting. [demonic ancestry]
 13846 | D:10     | Reached XP level 11. HP: 83/83 MP: 4/25
 13970 | D:10     | Offered knowledge of Olgreb's Toxic Radiance by Vehumet.
 13974 | D:10     | Learned a level 2 spell: Repel Missiles
 14352 | D:10     | Reached skill level 1 in Necromancy
 14401 | D:10     | Found a snail-covered altar of Cheibriados.
 15175 | D:11     | Noticed a hill giant
 15187 | D:10     | Killed a hill giant
 15272 | D:11     | Reached **** piety under Vehumet
 15382 | D:11     | Found a staircase to the Lair.
 15401 | D:11     | Offered knowledge of Irradiate by Vehumet.
 15495 | D:11     | Noticed a hill giant
 15522 | D:11     | Killed a hill giant
 15602 | D:11     | Found a flagged portal.
 15604 | D:11     | Noticed an unseen horror
 15609 | Bailey   | Entered a bailey
 15849 | Bailey   | Reached ***** piety under Vehumet
 15849 | Bailey   | Offered knowledge of Spellforged Servitor by Vehumet.
 16315 | D:11     | Killed an unseen horror
 16952 | Lair:1   | Entered Level 1 of the Lair of Beasts
 17693 | Lair:2   | Got an ichor-stained ring mail
 17737 | Lair:1   | Identified the +3 ring mail of Divine Intervention {Dex+4} (You found it on level 2 of the Lair of Beasts)
 18161 | Lair:2   | Reached skill level 5 in Dodging
 18305 | Lair:2   | Reached XP level 12. HP: 94/94 MP: 22/26
 18908 | Lair:3   | Found a frozen archway.
 18913 | IceCv    | Entered an ice cave
 19149 | IceCv    | Noticed an ice dragon
 19149 | IceCv    | Noticed an ice dragon
 19462 | IceCv    | Killed an ice dragon
 19529 | IceCv    | Killed an ice dragon
 19642 | IceCv    | Got a heavily runed lead ring
 19652 | IceCv    | Got a transparent bone ring
 19654 | IceCv    | Got a bound tin ring
 19717 | IceCv    | Identified the ring of Vucsusmimn {+Blink rElec rF+ MR- Slay+6} (You found it in an ice cave)
 19721 | IceCv    | Identified the ring of Pyromania {rC+ Int+5 Slay+2} (You found it in an ice cave)
 19723 | IceCv    | Identified the ring of Levity {rElec Dex+2 Stlth+} (You found it in an ice cave)
 20133 | Lair:4   | Noticed Rupert
 20144 | Lair:4   | Paralysed by Rupert for 5 turns
 20198 | Lair:4   | Found a labyrinth entrance.
 20213 | Lab      | Entered a labyrinth
 20897 | Lab      | Noticed a minotaur
 21080 | Lab      | Killed a minotaur
 21091 | Lab      | Got a smoking spear
 21301 | Lair:4   | Identified a scroll of acquirement
 21302 | Lair:4   | Got a polished hat
 21313 | Lair:4   | Identified the +2 hat of the Heavens {rF- Int+6} (You acquired it on level 4 of the Lair of Beasts)
 21358 | Lair:4   | Paralysed by Rupert for 4 turns
 21418 | Lair:4   | Noticed Urug
 21427 | Lair:4   | Reached skill level 1 in Armour
 21432 | Lair:4   | Killed Urug
 21432 | Lair:4   | Reached skill level 10 in Fighting
 21649 | Lair:4   | Reached XP level 13. HP: 95/103 MP: 3/28
 21829 | Lair:4   | Paralysed by Rupert for 6 turns
 21860 | Lair:4   | Killed Rupert
 22224 | Lair:4   | Identified a +3 rod of inaccuracy (12/12) (You took it off a minotaur in a labyrinth)
 22258 | Lair:5   | Got an iridescent quarterstaff
 22259 | Lair:5   | Identified the +12 quarterstaff "Avvean" {crush, rPois MR+++ Int-4 Dex-4} (You found it on level 5 of the Lair of Beasts)
 22530 | Lair:5   | Found a hole to the Spider Nest.
 22604 | Lair:5   | Reached skill level 11 in Conjurations
 23845 | Lair:6   | Reached ****** piety under Vehumet
 23845 | Lair:6   | Reached skill level 10 in Fire Magic
 23872 | Lair:6   | Found a staircase to the Shoals.
 24266 | Lair:6   | Offered knowledge of Orb of Destruction by Vehumet.
 24878 | Lair:7   | Reached skill level 5 in Armour
 25650 | Lair:8   | Entered Level 8 of the Lair of Beasts
 25657 | Lair:8   | Reached skill level 12 in Conjurations
 25852 | Lair:8   | Found a staircase to the Slime Pits.
 25893 | Lair:8   | Gained mutation: You may emit foul miasma when damaged in melee. [demonic ancestry]
 25893 | Lair:8   | Reached XP level 14. HP: 110/110 MP: 10/30
 26246 | Lair:8   | Offered knowledge of Freezing Cloud by Vehumet.
 26326 | Lair:8   | Noticed an azure jelly
 26333 | Lair:8   | Killed an azure jelly
 26485 | Lair:8   | Found a burning altar of Makhleb.
 26563 | Lair:8   | Found a gateway to Hell.
 27068 | Spider:1 | Entered Level 1 of the Spider Nest
 27182 | Spider:1 | Reached skill level 13 in Conjurations
 27780 | Spider:1 | Reached skill level 10 in Armour
 28638 | Spider:2 | Noticed a ghost moth
 28790 | Spider:2 | Offered knowledge of Lightning Bolt by Vehumet.
 29054 | Spider:2 | Gained mutation: You have a pair of large antennae on your head (SInv). [demonic ancestry]
 29054 | Spider:2 | Reached XP level 15. HP: 115/115 MP: 20/32
 30071 | D:12     | Found a sacrificial altar of Ru.
 30091 | D:12     | Offered knowledge of Delayed Fireball by Vehumet.
 30100 | D:12     | Learned a level 7 spell: Delayed Fireball
 30239 | D:12     | Found a staircase to the Orcish Mines.
 30758 | D:12     | Learned a level 6 spell: Iron Shot
 30762 | D:12     | Noticed Azrael
 30771 | D:12     | Killed Azrael
 30787 | D:12     | Reached skill level 1 in Earth Magic
 31338 | D:13     | Offered knowledge of Poison Arrow by Vehumet.
 31857 | D:13     | Found a gate to the Vaults.
 32645 | D:14     | Reached skill level 5 in Earth Magic
 32647 | D:14     | Noticed Kirke
 32652 | D:14     | Noticed a sphinx
 32654 | D:14     | Killed Kirke
 32718 | D:14     | Got an ominously black robe
 32739 | D:14     | Identified the +1 robe of Pragmatism {rElec rC+ rN+} (You found it on level 14 of the Dungeon)
 32756 | D:14     | Learned a level 6 spell: Statue Form
 32792 | D:14     | Reached XP level 16. HP: 125/125 MP: 26/34
 32890 | D:14     | Reached skill level 1 in Shields
 33865 | D:15     | Entered Level 15 of the Dungeon
 33922 | D:15     | Offered knowledge of Bolt of Cold by Vehumet.
 34154 | D:15     | Found a staircase to the Depths.
 34293 | D:15     | Paralysed by an ogre mage for 4 turns
 34298 | D:15     | Reached skill level 5 in Shields
 34356 | D:15     | Found a blossoming altar of Fedhas.
 34961 | D:15     | Reached skill level 1 in Transmutations
 35115 | Orc:1    | Entered Level 1 of the Orcish Mines
 35298 | Orc:2    | Entered Level 2 of the Orcish Mines
 35345 | Orc:2    | Found Tetyhowi's Assorted Antiques.
 35377 | Orc:2    | Reached skill level 5 in Transmutations
 35382 | Orc:2    | Found a staircase to the Elven Halls.
 35771 | Orc:2    | Found Veb Jyuf's Antique Weapon Shoppe.
 35822 | Orc:2    | Found Lionler's Armour Shop.
 35823 | Orc:2    | Found Poawemn's Book Boutique.
 37308 | Spider:2 | Offered knowledge of Lehudib's Crystal Spear by Vehumet.
 37308 | Spider:2 | Offered knowledge of Fire Storm by Vehumet.
 37308 | Spider:2 | Offered knowledge of Tornado by Vehumet.
 38882 | Spider:3 | Gained mutation: You have a moderately thin skeletal structure (Dex +4, Stealth+). [demonic ancestry]
 38882 | Spider:3 | Reached XP level 17. HP: 131/131 MP: 29/35
 39636 | Spider:4 | Entered Level 4 of the Spider Nest
 41051 | Spider:4 | Reached skill level 15 in Spellcasting
 41149 | Spider:4 | Got a gossamer rune of Zot
 42383 | Lair:5   | Got a spiked shield
 42389 | Lair:5   | Identified the +0 shield of Bojanus {MR++ rCorr} (You acquired it on level 5 of the Lair of Beasts)
 42602 | Vaults:1 | Entered Level 1 of the Vaults
 43467 | Vaults:1 | Noticed Asterion
 43680 | Vaults:1 | Reached skill level 10 in Earth Magic
 43883 | Vaults:1 | Gained mutation: You are partially covered in sharp spines. [demonic ancestry]
 43883 | Vaults:1 | Reached XP level 18. HP: 138/138 MP: 31/37
 44916 | Vaults:1 | Killed Asterion
 45310 | Vaults:2 | Reached skill level 10 in Shields
 45664 | Vaults:2 | Identified Puqatten's Handbook of Curses and Flight
 46964 | Vaults:1 | Gained mutation: You have an unnaturally thin skeletal structure (Dex +6, Stealth++). [demonic ancestry]
 46964 | Vaults:1 | Reached XP level 19. HP: 143/143 MP: 19/38
 47913 | Vaults:2 | Found a staircase to the Crypt.
 49008 | Vaults:3 | Noticed Norris
 49023 | Vaults:3 | Killed Norris
 49132 | Vaults:3 | Reached skill level 14 in Conjurations
 51111 | Vaults:4 | Reached XP level 20. HP: 150/150 MP: 25/39
 51193 | Vaults:4 | Reached skill level 15 in Conjurations
 51736 | Vaults:4 | Got an ichor-stained whip
 51737 | Vaults:4 | Identified the cursed +0 whip "Leviticus" {slash, rC++ MR+ Dex+4} (You found it on level 4 of the Vaults)
 52126 | Vaults:4 | Reached skill level 15 in Shields
 52471 | Vaults:4 | Found Haggoleg's Assorted Antiques.
 52509 | Vaults:4 | Identified the Guide on Bewitching Creation
 52981 | Vaults:1 | Reached skill level 16 in Conjurations
 53303 | Shoals:1 | Entered Level 1 of the Shoals
 55209 | Shoals:3 | Identified the Reference Book on the Oath
 55337 | Shoals:3 | Found Fim Ifea's Armour Shop.
 55353 | Shoals:3 | Reached skill level 10 in Dodging
 55867 | Shoals:3 | Found a white marble altar of Elyvilon.
 55868 | Shoals:3 | Noticed Mara
 56110 | Shoals:4 | Entered Level 4 of the Shoals
 56586 | Shoals:4 | Gained mutation: You are mostly covered in sharp spines. [demonic ancestry]
 56586 | Shoals:4 | Reached XP level 21. HP: 156/156 MP: 30/40
 56676 | Shoals:4 | Noticed Ilsuiw
 56683 | Shoals:4 | Killed Ilsuiw
 57175 | Shoals:4 | Got a pair of transparent gloves
 57186 | Shoals:4 | Learned a level 6 spell: Haste
 57274 | Shoals:4 | Identified the cursed -3 pair of gloves "Ycififix" {*Confuse rF+ SInv} (You found it on level 4 of the Shoals)
 57498 | Shoals:4 | Reached skill level 5 in Charms
 57710 | Shoals:4 | Got a barnacled rune of Zot
 58109 | Depths:1 | Entered Level 1 of the Depths
 60106 | Depths:1 | Reached skill level 10 in Charms
 60892 | Depths:2 | Got a scorched platinum ring
 60894 | Depths:2 | Identified the cursed ring of Vethrioru {MR+ EV-3} (You found it on level 2 of the Depths)
 60958 | Depths:2 | Identified Sif Muna's Handbook of Feathery Dislocation (You found it on level 2 of the Depths)
 61429 | Depths:2 | Found a one-way gate to the infinite horrors of the Abyss.
 62376 | Depths:2 | Gained mutation: You frequently emit foul miasma when damaged in melee. [demonic ancestry]
 62376 | Depths:2 | Reached XP level 22. HP: 135/163 MP: 3/41
 64088 | Depths:3 | Noticed Jorgrun
 64093 | Depths:3 | Killed Jorgrun
 64230 | Depths:3 | Noticed an ancient lich
 64243 | Depths:3 | Killed an ancient lich
 64243 | Depths:3 | Reached skill level 17 in Conjurations
 64406 | Depths:4 | Noticed a golden dragon
 64467 | Depths:3 | Noticed Wiglaf
 64480 | Depths:3 | Killed Wiglaf
 65215 | Depths:3 | Found a one-way gate leading to the halls of Pandemonium.
 65215 | Depths:3 | Noticed Maud
 65223 | Depths:3 | Killed Maud
 65235 | Depths:3 | Got a warped long sword
 65238 | Depths:3 | Identified the +9 long sword "Topyujeh" {slice, Str+5 Dex+4} (You found it on level 3 of the Depths)
 65573 | Depths:4 | Found a gateway to a ziggurat.
 65904 | Elf:1    | Entered Level 1 of the Elven Halls
 66881 | Elf:1    | Found an ancient bone altar of Kikubaaqudgha.
 67154 | Elf:1    | Learned a level 8 spell: Lehudib's Crystal Spear
 67161 | Elf:1    | Got an ichor-stained scale mail
 67162 | Elf:1    | Identified the +3 scale mail "Upicisifa" {rC+ Slay+3} (You found it on level 1 of the Elven Halls)
 67237 | Elf:2    | Noticed Agnes
 67264 | Elf:2    | Found a magical portal.
 67299 | Elf:2    | Gained mutation: Your flesh is heat resistant. [demonic ancestry]
 67299 | Elf:2    | Reached XP level 23. HP: 169/169 MP: 42/42
 67302 | WizLab   | Entered Wucad Mu's Monastery
 67686 | WizLab   | Gained mutation: You are completely covered in sharp spines. [demonic ancestry]
 67686 | WizLab   | Reached XP level 24. HP: 175/175 MP: 39/42
 67687 | WizLab   | Lost mutation: Your muscles are strong. (Str +2) [potion of cure mutation]
 67687 | WizLab   | Lost mutation: Your system is resistant to poisons. [potion of cure mutation]
 67687 | WizLab   | Lost mutation: Potions and wands are less effective at restoring your health. [potion of cure mutation]
 67687 | WizLab   | Lost mutation: You can translocate small distances at will. [potion of cure mutation]
 67687 | WizLab   | Lost mutation: Your flesh is cold resistant. [potion of cure mutation]
 67687 | WizLab   | Lost mutation: Your body sometimes deteriorates upon taking damage. [potion of cure mutation]
 67688 | WizLab   | Gained mutation: You passively map a small area around you. [potion of beneficial mutation]
 67997 | Elf:2    | Killed Agnes
 68046 | Elf:2    | Noticed Aizul
 68138 | Elf:2    | Killed Aizul
 68187 | Elf:2    | Found a huge runed gate.
 68187 | Elf:2    | Found a huge runed gate.
 68187 | Elf:2    | Found a huge runed gate.
 68188 | Elf:2    | Found a huge runed gate.
 68188 | Elf:2    | Found a huge runed gate.
 68520 | Elf:2    | Reached skill level 15 in Fire Magic
 69336 | Elf:3    | Entered Level 3 of the Elven Halls
 69398 | Elf:3    | Gained mutation: You are immune to clouds of flame. [demonic ancestry]
 69398 | Elf:3    | Reached XP level 25. HP: 181/181 MP: 32/42
 69403 | Elf:3    | Found Noesoruu's Jewellery Shop.
 69610 | Elf:3    | Reached skill level 18 in Conjurations
 70008 | Elf:3    | Reached skill level 5 in Necromancy
 70701 | Elf:3    | Got a dazzling leather armour
 70833 | Elf:2    | Identified the +0 leather armour of Ceoqess {Str+3} (You took it off a deep elf sorcerer on level 3 of the Elven Halls)
 70932 | Elf:3    | Got a clouded brass ring
 70950 | Elf:3    | Got a faintly glowing ivory amulet
 71018 | Elf:3    | Identified the ring "Ruirr" {rF- rC+ Int+3 Dex+9 Stlth-} (You took it off a deep elf annihilator on level 3 of the Elven Halls)
 71020 | Elf:3    | Identified the amulet of Ycupiw {*Corrode Regen+ Str+4 Dex+6} (You took it off a deep elf death mage on level 3 of the Elven Halls)
 71038 | Elf:3    | Reached skill level 19 in Conjurations
 72248 | Lair:2   | Learned a level 8 spell: Necromutation
 72615 | Crypt:1  | Entered Level 1 of the Crypt
 72666 | Crypt:1  | Noticed Xtahua
 72672 | Crypt:1  | Killed Xtahua
 73554 | Crypt:1  | Reached skill level 10 in Necromancy
 74783 | Crypt:3  | Entered Level 3 of the Crypt
 74903 | Crypt:3  | Reached skill level 10 in Transmutations
 75346 | Crypt:3  | Found a staircase to the Tomb.
 76189 | Crypt:3  | Got a pitted steel ring
 76237 | Crypt:3  | Identified the ring of Miudos {rF- rN+ MP+9 Dex+2} (You took it off an ancient champion on level 3 of the Crypt)
 76302 | Crypt:3  | Gained mutation: You can hurl damnation. [demonic ancestry]
 76302 | Crypt:3  | Reached XP level 26. HP: 188/188 MP: 22/42
 76595 | Crypt:3  | Got a clouded marble ring
 76895 | Crypt:3  | Got a translucent pewter ring
 76899 | Crypt:3  | Identified the ring of Itzazeuth {rF+ rN+ Dex+4} (You took it off an ancient champion on level 3 of the Crypt)
 76901 | Crypt:3  | Identified the ring of Purrom {rPois rN+} (You took it off a guardian mummy on level 3 of the Crypt)
 77333 | Crypt:3  | Found a basalt altar of Yredelemnul.
 77379 | Crypt:3  | Found an ancient bone altar of Kikubaaqudgha.
 77508 | Crypt:3  | Identified the Volume of Creation
 77551 | Crypt:3  | Identified the Volume of Unholy Magic
 77554 | Crypt:3  | Got an ichor-stained buckler
 77565 | Crypt:3  | Identified the +6 buckler of Henotheism {rElec rC- MR++ SInv} (You found it on level 3 of the Crypt)
 77688 | Tomb:1   | Entered Level 1 of the Tomb of the Ancients
 79509 | Tomb:2   | Noticed a greater mummy
 79564 | Tomb:2   | Noticed a greater mummy
 79565 | Tomb:2   | Noticed an ancient lich
 79565 | Tomb:2   | Noticed a greater mummy
 80245 | Tomb:1   | Killed a greater mummy
 80247 | Tomb:1   | Noticed a greater mummy
 80248 | Tomb:1   | Noticed a greater mummy
 80570 | Tomb:1   | Killed a greater mummy
 80570 | Tomb:1   | Reached skill level 15 in Earth Magic
 80662 | Tomb:1   | Killed an ancient lich
 80823 | Tomb:1   | Gained mutation: You have a beak for a mouth. [mutagenic glow]
 81252 | Tomb:1   | Killed a greater mummy
 81827 | Tomb:1   | Noticed a greater mummy
 81828 | Tomb:1   | Noticed a greater mummy
 81832 | Tomb:1   | Killed a greater mummy
 81835 | Tomb:1   | Killed a greater mummy
 81842 | Tomb:1   | Noticed a greater mummy
 81886 | Tomb:1   | Killed a greater mummy
 81966 | Tomb:1   | Noticed a greater mummy
 82021 | Tomb:1   | Killed a greater mummy
 82104 | Tomb:1   | Killed themself with a badly aimed damnation

Skill      XL: |  1  2  3  4  5  6  7  8  9 10 11 12 13 14 15 16 17 18 19 20 21 22 23 24 25 26 |
---------------+-------------------------------------------------------------------------------+-----
Fighting       | 1 2 4 6 8 10 11 | 11.0
Fire Magic     | 3 4 5 6 7 8 9 10 11 13 14 15 16 | 16.1
Conjurations   | 2 3 4 9 10 12 13 14 16 17 19 | 19.0
Spellcasting   | 3 4 9 10 11 12 13 14 15 | 15.4
Dodging        | 2 5 6 10 11 | 11.1
Charms         | 3 10 | 10.0
Necromancy     | 1 3 12 14 | 14.3
Armour         | 2 6 10 | 10.9
Earth Magic    | 5 6 10 11 13 14 15 | 15.2
Shields        | 6 7 12 14 15 | 15.0
Transmutations | 8 10 12 | 12.7
Stealth        | |  1.7

Action                   |  1- 3 |  4- 6 |  7- 9 | 10-12 | 13-15 | 16-18 | 19-21 | 22-24 | 25-27 || total
-------------------------+-------+-------+-------+-------+-------+-------+-------+-------+-------++-------
Melee: Dagger            |    63 |    25 |    50 |       |       |       |       |       |       ||   138
       Whip              |       |       |     5 |       |       |       |       |       |       ||     5
       Flail             |       |       |       |    10 |       |       |       |       |       ||    10
       Double sword      |       |       |       |    59 |       |       |       |       |       ||    59
       Staff             |       |       |       |     1 |   183 |    37 |    22 |    15 |    65 ||   323
       Quarterstaff      |       |       |       |       |       |     4 |       |       |       ||     4
       Peck              |       |       |       |       |       |       |       |       |     1 ||     1
 Fire: Hunting sling     |       |    28 |    69 |   150 |       |       |       |       |       ||   247
Throw: Stone             |    27 |    88 |       |       |       |       |       |       |       ||   115
 Cast: Flame Tongue      |    54 |    99 |    11 |       |       |       |       |       |       ||   164
       Throw Flame       |    20 |    25 |    26 |     7 |       |       |       |       |       ||    78
       Conjure Flame     |       |     5 |     3 |     8 |     4 |     8 |     4 |     2 |     1 ||    35
       Iskenderun's Myst |       |       |    67 |   247 |    42 |       |       |       |       ||   356
       Sticky Flame      |       |       |    11 |    61 |    43 |    20 |    15 |     1 |       ||   151
       Fireball          |       |       |     3 |    83 |   109 |    93 |   108 |    44 |   127 ||   567
       Animate Skeleton  |       |       |       |    19 |    94 |    93 |   171 |    42 |    32 ||   451
       Regeneration      |       |       |       |     6 |     1 |     2 |       |       |    21 ||    30
       Bolt of Fire      |       |       |       |     1 |   322 |   554 |   660 |   242 |   435 ||  2214
       Repel Missiles    |       |       |       |     1 |     2 |     2 |     6 |     1 |     1 ||    13
       Delayed Fireball  |       |       |       |       |     2 |     5 |     3 |     6 |    25 ||    41
       Iron Shot         |       |       |       |       |       |    45 |    74 |    34 |       ||   153
       Blink             |       |       |       |       |       |       |     5 |       |       ||     5
       Statue Form       |       |       |       |       |       |       |     1 |       |    19 ||    20
       Haste             |       |       |       |       |       |       |       |     1 |     7 ||     8
       Lehudib's Crystal |       |       |       |       |       |       |       |    24 |   101 ||   125
 Abil: Release Delayed F |       |       |       |       |     1 |     5 |     4 |     6 |    25 ||    41
       Blink             |       |       |       |       |       |     1 |       |       |       ||     1
       Damnation         |       |       |       |       |       |       |       |       |    13 ||    13
Evoke: Wand              |       |       |       |     4 |       |     2 |     1 |     4 |     5 ||    16
       Stone of tremors  |       |       |       |     1 |       |       |       |       |       ||     1
       Rod               |       |       |       |       |       |       |     7 |    19 |     4 ||    30
  Use: Scroll            |       |    10 |     2 |    17 |     6 |     6 |    12 |     9 |    13 ||    75
       Potion            |       |       |     6 |     3 |     1 |     4 |       |     7 |     5 ||    26
 Stab: Sleeping          |     1 |       |       |       |       |     1 |     1 |       |       ||     3
       Distracted        |       |       |       |       |     3 |       |     1 |       |     3 ||     7
  Eat: Chunk             |     7 |    14 |     5 |    46 |    70 |    69 |   115 |    38 |    23 ||   387
       Beef jerky        |       |       |     1 |     1 |     3 |     2 |     1 |       |       ||     8
       Bread ration      |       |       |     2 |       |     2 |    12 |     2 |     2 |     4 ||    24
       Pizza             |       |       |     1 |       |     3 |       |     2 |     2 |     1 ||     9
       Fruit             |       |       |       |     8 |     8 |     4 |     1 |       |     5 ||    26
       Royal jelly       |       |       |       |       |       |     2 |     3 |     2 |     3 ||    10
       Meat ration       |       |       |       |       |       |       |       |     2 |     7 ||     9
Armor: Robe              |    13 |    30 |    13 |    95 |    50 |   128 |    54 |    44 |    36 ||   463
       Ring mail         |       |       |       |    55 |       |       |       |       |       ||    55
       Scale mail        |       |       |       |       |   128 |       |       |       |       ||   128
       Skin              |       |       |       |       |       |       |     7 |       |   105 ||   112
Dodge: Dodged            |    46 |    87 |    75 |   272 |   242 |   204 |   172 |   131 |   293 ||  1522
       Deflected         |       |       |       |       |    12 |     8 |    30 |     7 |     8 ||    65
Block: Buckler           |       |       |       |       |       |    68 |       |       |       ||    68
       Shield            |       |       |       |       |       |     3 |   193 |   114 |   254 ||   564
